 Dungeon Crawl Stone Soup version 0.29.1-12-g30fa7ad0bf (webtiles) character file.

Game seed: 4921977767119968366

64 Eitelfritz the Slasher (level 3, -1/31 HPs)
             Began as a Minotaur Gladiator on Dec 16, 2022.
             Slain by a gnoll
             ... wielding a +0 club
              (4 damage)
             ... on level 2 of the Dungeon.
             The game lasted 00:02:21 (1418 turns).

Eitelfritz the Slasher (Minotaur Gladiator)         Turns: 1418, Time: 00:02:22

Health: -1/31      AC:  5    Str: 24    XL:     3   Next: 91%
Magic:  2/2        EV: 12    Int:  7    God:
Gold:   55         SH:  0    Dex: 11    Spells: 2/2 levels left

rFire   . . .      SeeInvis .   a - +0 long sword
rCold   . . .      Faith    .   (no shield)
rNeg    . . .      Spirit   .   l - +0 ring mail
rPois   .          Reflect  .   c - +0 hat
rElec   .          Harm     .   (no cloak)
rCorr   .          Rampage  .   (no gloves)
Will    .....                   (no boots)
Stlth   +.........              (no amulet)
HPRegen 0.10/turn               n - +6 ring of strength
MPRegen 0.08/turn               (no ring)

@: no status effects
A: horns 2, retaliatory headbutt
a: no special abilities


You were on level 2 of the Dungeon.
You visited 1 branch of the dungeon, and saw 2 of its levels.

You collected 55 gold pieces.

Inventory:

Hand Weapons
 a - a +0 long sword (weapon)
 j - a +0 vorpal mace
Missiles
 d - 3 throwing nets (quivered)
 e - a javelin
Armour
 c - a +0 hat (worn)
 l - a +0 ring mail (worn)
Jewellery
 m - the ring "Icolopn" {rC- rN++ SInv}
   (You found it on level 2 of the Dungeon)

   [ring of see invisible]

   rC:        It makes you vulnerable to cold.
   rN:        It greatly protects you from negative energy.
   SInv:      It lets you see invisible.
 n - a +6 ring of strength (left hand)
Scrolls
 b - a scroll of enchant armour {unknown}
 h - a scroll of fear {unknown}
 i - a scroll of summoning {unknown}
 k - 3 scrolls of identify {unknown}
Potions
 f - 2 potions of flight {unknown}
 g - 2 potions of resistance {unknown}


   Skills:
 + Level 3.0 Fighting
 + Level 4.5 Long Blades
 + Level 2.3 Throwing
 + Level 1.4 Armour
 + Level 3.7 Dodging
 + Level 0.2 Stealth


You had 2 spell levels left.
You didn't know any spells.
Your spell library was empty.

Dungeon Overview and Level Annotations

Branches:
Dungeon (2/15)

Altars:


Innate Abilities, Weirdness & Mutations

You have a pair of horns on your head.
You reflexively headbutt those who attack you in melee.


Message History

A gnoll is wielding a +0 flail of holy wrath.
The gnoll shouts! x2
You closely miss the gnoll. You headbutt the gnoll!
The gnoll is heavily wounded.
The gnoll barely misses you.
You closely miss the gnoll.
The gnoll is heavily wounded.
The gnoll barely misses you.
You barely miss the gnoll. Your headbutt misses the gnoll.
Your punch misses the gnoll.
The gnoll is heavily wounded.
The gnoll closely misses you.
You barely miss the gnoll. Your headbutt misses the gnoll.
The gnoll is heavily wounded.
The gnoll hits you with a +0 flail!
You hit the gnoll.
The gnoll is almost dead.
The gnoll closely misses you. The gnoll hits you with a +0 flail!
You closely miss the gnoll.
The gnoll is almost dead.
The gnoll hits you with a +0 flail!
* * * LOW HITPOINT WARNING * * *
You hit the gnoll but do no damage.
The gnoll is almost dead.
The gnoll barely misses you. You furiously retaliate!
You headbutt the gnoll.
You kill the gnoll!
Your Armour skill increases to level 1!
The gnoll attacks as you move away! The gnoll closely misses you.
The gnoll attacks as you move away! The gnoll hits you but does no damage.
The gnoll attacks as you move away! The gnoll barely misses you.
The gnoll attacks as you move away! The gnoll hits you with a +0 club.
* * * LOW HITPOINT WARNING * * *
The gnoll attacks as you move away! The gnoll hits you but does no damage.
The gnoll attacks as you move away! The gnoll barely misses you.
The gnoll attacks as you move away! The gnoll hits you with a +0 club.
* * * LOW HITPOINT WARNING * * *
The gnoll attacks as you move away! The gnoll misses you.
A bat comes into view.
The gnoll attacks as you move away! The gnoll hits you with a +0 club.
You die...

#..g...#
######.# #.#
#.#
#.########.#
#g##.......#
#.##.#######
#g##.##
#.@...######
###.#...b..#
#...####.#
#.######)##
#...<......
#..#####.##
#..# #..#
#..#


You could see 2 gnolls and a bat.

Vanquished Creatures
  A gnoll (D:2)
  An adder (D:2)
  2 dart slugs (D:1)
  3 bats
  4 endoplasms
  2 giant cockroaches (D:1)
  3 goblins (D:1)
  4 hobgoblins (D:1)
  2 jackals (D:1)
  3 quokkas
  3 ball pythons (D:1)
  6 frilled lizards
  A kobold (D:1)
  5 rats (D:1)
40 creatures vanquished.

Notes
Turn   | Place    | Note
-------+----------+-------------------------------------------
     0 | D:1      | Eitelfritz the Minotaur Gladiator began the quest for the
                  | Orb.
     0 | D:1      | Reached XP level 1. HP: 18/18 MP: 0/0
   118 | D:1      | Reached XP level 2. HP: 25/25 MP: 1/1
   336 | D:1      | Found a faded altar of an unknown god.
   441 | D:1      | Reached skill level 4 in Long Blades
   457 | D:1      | Reached XP level 3. HP: 25/31 MP: 2/2
  1244 | D:2      | Identified the ring "Icolopn" {rC- rN++ SInv}
  1399 | D:2      | Reached skill level 1 in Armour
  1418 | D:2      | Slain by a gnoll

Illustrated notes

Levels and vault maps discovered:
D:1:      nicolae_arrival_washed_ashore, layout_rooms,
          hellmonk_ecumenical_altar_defaced_shrine, minmay_pentomino_w4
D:2:      layout_loops_ring, minmay_fountain_box, kennysheep_pointless_box

Skill      XL: |  1  2  3 |
---------------+----------+-----
Long Blades    | 4 |  4.5
Fighting       | 3 |  3.0
Armour         | 1 |  1.4
Throwing       | |  2.3
Dodging        | |  3.7
Stealth        | |  0.2

Action                   || total
-------------------------++-------
Melee: Long sword        ||    73
       Headbutt          ||     8
       Punch             ||     1
Armor: Leather armour    ||     9
       Ring mail         ||    11
Dodge: Dodged            ||    51
